 Dungeon Crawl Stone Soup version 0.26-a0-652-gafc20e3620 (webtiles) character file.

Game seed: 733694746922763696

679 ringo67 the Insei (level 7, -4/48 HPs)
             Began as an Octopode Transmuter on Oct 3, 2020.
             Was an Initiate of Ru.
             Slain by a centaur (8 damage)
             ... on level 5 of the Dungeon.
             The game lasted 00:14:02 (9377 turns).

ringo67 the Insei (Octopode Transmuter)             Turns: 9377, Time: 00:14:03

Health: -4/48      AC:  1    Str: 12    XL:     7   Next: 60%
Magic:  10/10      EV: 13    Int: 15    God:    Ru [......]
Gold:   105        SH:  0    Dex: 12    Spells: 6/10 levels left

rFire    . . .     SeeInvis .     - Unarmed
rCold    . . .     Faith    .   (no shield)
rNeg     . . .     Spirit   .   (helmet restricted)
rPois    .         Reflect  .   l - amulet of magic regeneration
rElec    .         Harm     .   (no ring)
rCorr    .         Rampage  .   (no ring)
MR       .....                  (no ring)
Stlth    ++........             (no ring)
HPRegen  0.16/turn              (no ring)
MPRegen  0.37/turn              (no ring)
                                (no ring)
                                (no ring)

@: no status effects
A: almost no armour, stealthy swim, amphibious, 8 rings, constrict 8, camouflage
1, gelatinous body 1
a: Renounce Religion


You were on level 5 of the Dungeon.
You worshipped Ru.
Ru was noncommittal.
You visited 2 branches of the dungeon, and saw 7 of its levels.

You collected 105 gold pieces.

Inventory:

Missiles
 e - 11 poisoned darts (quivered)
Jewellery
 d - an uncursed amulet of the acrobat
 i - an uncursed ring of ice
 l - an amulet of magic regeneration (around mantle)
Wands
 k - a wand of flame (10)
 p - a wand of polymorph (8)
 q - a wand of paralysis (6)
Scrolls
 a - 4 scrolls of identify
 b - a scroll of fear
 c - 2 scrolls of enchant armour
 f - a scroll of immolation {unknown}
 g - a scroll of blinking {unknown}
 n - a scroll of remove curse {unknown}
Potions
 h - 3 potions of degeneration {unknown}
 j - 2 potions of mutation {unknown}
 m - 2 potions of curing
 o - a potion of berserk rage {unknown}


   Skills:
 + Level 4.0 Fighting
 - Level 2.0 Dodging
 * Level 6.4 Unarmed Combat
 - Level 2.0 Spellcasting
 + Level 4.4 Transmutations


You had 6 spell levels left.
You knew the following spells:

 Your Spells              Type           Power        Failure   Level
a - Beastly Appendage     Tmut           ##....       3%          1
b - Spider Form           Tmut/Pois      #.........   26%         3

Your spell library contained the following spells:

 Spells                   Type           Power        Failure   Level
 Wereblood                Tmut           ##......     5%          2
 Ice Form                 Ice/Tmut       #.......     65%         4
 Blade Hands              Tmut           ##........   71%         5


Dungeon Overview and Level Annotations

Branches:
Dungeon (6/15)             Temple (1/1) D:4

Altars:
Ashenzari
Cheibriados
Elyvilon
Gozag
Kikubaaqudgha
Makhleb
Nemelex Xobeh
Okawaru
Qazlal
Ru
Sif Muna
Trog
Uskayaw
Wu Jian
Yredelemnul
Lugonu


Innate Abilities, Weirdness & Mutations

You cannot wear most types of armour.
You are very stealthy in the water. (Stealth+)
You are amphibious.
You can wear up to eight rings at the same time.
You can use your tentacles to constrict eight enemies at once.
Your skin changes colour to match your surroundings (Stealth+).
Your rubbery body absorbs attacks. (AC +1, EV +1)


Message History

The centaur is moderately wounded.
The centaur hits you!
You are too injured to fight recklessly!
You are too injured to fight recklessly!
You bludgeon the centaur!
The centaur is severely wounded.
The centaur hits you! x2
* * * LOW HITPOINT WARNING * * *
You tentacle-slap the centaur but do no damage.
Your tentacle-slap misses the centaur.
The centaur is severely wounded.
The centaur hits you.
* * * LOW HITPOINT WARNING * * *
You barely miss the centaur.
The centaur is severely wounded.
The centaur barely misses you.
You tentacle-slap the centaur. You squeeze the centaur.
The centaur is almost dead.
The centaur hits you!
You die...

##+## #.....#
*,,,,,,,,* *,***####.##
*,,,,,,,,* *,,,,* #.#
*,,,,,,,,, ****,* #.#
*,,,,,,,,* *,* #.#
*,,,,,,,,, *,* #.#
*,,,,,,,,, #,* #.#
*,,,,,,,,,
####.####.####,,,,,,,,,
#....c@......#******,*,
#.........)..# *,,,
#.........#..#********,
#........<#.....,,,* *,
#.........#s####**,* *,
#..........,.,,,,*,***,
#.........#.#***,*,,,,,
#.........#.# *,******
*,,,,,,,,,*,* *,,,,* *


You could see a centaur.

Vanquished Creatures
  A water moccasin (D:6)
  A jelly (D:6)
  A centaur skeleton (D:4)
  A hound (D:6)
  An orc priest (D:5)
  2 orc wizards (D:3)
  5 worker ants
  A hound skeleton (D:4)
  Robin (D:3)
  7 gnolls
  5 adders
  A shadow imp (D:6)
  An ooze (D:1)
  A worm (D:3)
  5 dart slugs
  4 leopard geckos
  12 orcs
  6 giant cockroaches
  13 goblins
  7 hobgoblins
  8 jackals
  9 kobolds
  2 quokkas
  13 bats
  3 frilled lizards
  8 rats
119 creatures vanquished.

Notes
Turn   | Place    | Note
-------+----------+-------------------------------------------
     0 | D:1      | ringo67 the Octopode Transmuter began the quest for the
                  | Orb.
     0 | D:1      | Reached XP level 1. HP: 13/13 MP: 3/3
    55 | D:1      | Reached XP level 2. HP: 16/18 MP: 5/5
   631 | D:1      | Reached XP level 3. HP: 23/23 MP: 6/6
  1427 | D:2      | Reached skill level 4 in Unarmed Combat
  1914 | D:2      | Reached XP level 4. HP: 29/29 MP: 7/7
  2533 | D:2      | Found a broken altar of Ashenzari.
  3090 | D:3      | Reached XP level 5. HP: 17/35 MP: 8/8
  5569 | D:3      | Noticed a necrophage
  5615 | D:3      | Learned a level 3 spell: Spider Form
  5650 | D:4      | Noticed Robin
  5654 | D:4      | Reached skill level 5 in Unarmed Combat
  5661 | D:3      | Reached XP level 6. HP: 32/41 MP: 9/9
  5738 | D:3      | Killed Robin
  7032 | D:4      | Found a staircase to the Ecumenical Temple.
  7041 | Temple   | Entered the Ecumenical Temple
  7173 | D:5      | Entered Level 5 of the Dungeon
  7368 | D:6      | Found an iron altar of Okawaru.
  7600 | D:6      | Noticed an ice beast
  7661 | D:6      | Reached XP level 7. HP: 21/46 MP: 10/10
  8223 | D:6      | Reached skill level 6 in Unarmed Combat
  8514 | D:6      | Found a hide-covered altar of Uskayaw.
  8804 | D:6      | Found a basalt altar of Yredelemnul.
  8945 | D:6      | Found an opulent altar of Gozag.
  9003 | D:6      | Found a sacrificial altar of Ru.
  9006 | D:6      | Became a worshipper of Ru the Awakened
  9377 | D:5      | Slain by a centaur

Illustrated notes

Levels and vault maps discovered:
D:1:      zelgadis_glass_arrival_small, layout_basic
D:2:      layout_basic, nicolae_ashenzari_panopticon,
          chequers_serial_rivers_large_a
D:3:      layout_basic
D:4:      layout_loops_ring, minmay_temple_entry_poolview, uniq_robin
D:5:      layout_basic
D:6:      layout_rooms, lemuel_round_altar, kennysheep_mini,
          amethyst_overflow_temple_binary, okawaru_altar_gauntlet_db
Temple:   corrupted_temple

Skill      XL: |  1  2  3  4  5  6  7 |
---------------+----------------------+-----
Unarmed Combat | 4 5 6 |  6.4
Fighting       | 2 3 4 |  4.0
Transmutations | 3 4 |  4.4
Dodging        | |  2.0
Spellcasting   | |  2.0

Action                   |  1- 3 |  4- 6 |  7- 9 || total
-------------------------+-------+-------+-------++-------
Melee: Unarmed           |    78 |   154 |    45 ||   277
       Constrict         |    21 |    45 |     9 ||    75
       Kick              |     4 |    17 |     3 ||    24
       Punch             |     5 |     2 |     2 ||     9
       Tentacles         |     7 |    26 |     8 ||    41
Throw: Dart              |     7 |    35 |    14 ||    56
 Cast: Beastly Appendage |     3 |     8 |     1 ||    12
  Use: Potion            |       |     1 |       ||     1
       Scroll            |       |     5 |       ||     5
 Stab: Sleeping          |     7 |     4 |     2 ||    13
Armor: Skin              |     8 |    14 |       ||    22
Dodge: Dodged            |    50 |   102 |    20 ||   172

Table legend: (Time is in decaauts)
 A = Elapsed time spent in this place.
 B = Non-inter-level travel time spent in this place.
 C = Inter-level travel time spent in this place.
 D = Time resting spent in this place.
 E = Time spent auto-exploring this place.
 F = Levels seen in this place.
 G = Mean time per level.
                   A        B        C        D        E       F      G
               +--------+--------+--------+--------+--------+-----+--------+
         Total |   9371 |   9179 |    192 |   5065 |   2692 |   7 | 1338.7 |
       Dungeon |   9329 |   9149 |    180 |   5065 |   2664 |   6 | 1554.8 |
        Temple |     41 |     29 |     12 |      0 |     28 |   1 |   41.0 |
               +--------+--------+--------+--------+--------+-----+--------+

Top non-repeatable levels by time:
     D:2: 3401 daAuts
     D:6: 1619 daAuts
     D:4: 1411 daAuts
     D:1: 1283 daAuts
     D:3: 1035 daAuts
     D:5: 577 daAuts
  Temple: 41 daAuts
